 Dungeon Crawl Stone Soup version 0.23.2-40-g277498a001 (webtiles) character file.

Game seed: 18164994054113222750

3 MalarOregon the Caller (level 1, 0/13 HPs)
             Began as a Merfolk Summoner on Aug 26, 2019.
             Slain by a bat (1 damage)
             ... on level 1 of the Dungeon.
             The game lasted 00:00:21 (255 turns).

MalarOregon the Caller (Merfolk Summoner)            Turns: 255, Time: 00:00:21

Health: 0/13       AC:  2    Str:  8    XL:     1   Next: 50%
Magic:  1/3        EV: 13    Int: 14    God:
Gold:   0          SH:  0    Dex: 14    Spells: 3/4 levels left

rFire    . . .     SeeInvis .   (no weapon)
rCold    . . .     Gourm    .   (no shield)
rNeg     . . .     Faith    .   a - +0 robe
rPois    .         Spirit   .   (no helmet)
rElec    .         Reflect  .   (no cloak)
rCorr    .         Harm     .   (no gloves)
MR       .....                  (no boots)
Stlth    ++........             (no amulet)
HPRegen  0.04/turn              (no ring)
MPRegen  0.08/turn              (no ring)

@: no status effects
A: change form in water, swift swim, stealthy swim
a: no special abilities


You were on level 1 of the Dungeon.
You were not hungry.

You visited 1 branch of the dungeon, and saw 1 of its levels.

Inventory:

Armour
 a - a +0 robe (worn)
Scrolls
 b - a scroll of blinking {unknown}
Comestibles
 c - 3 chunks of flesh
 e - a ration {!d}


   Skills:
 + Level 2.8 Dodging
 + Level 2.3 Stealth
 + Level 2.0 Spellcasting
 + Level 4.0 Summonings


You had 3 spell levels left.
You knew the following spells:

 Your Spells              Type           Power        Failure   Level  Hunger
a - Summon Small Mammal   Summ           ##..         4%          1    ##.....

Your spell library contained the following spells:

 Spells                   Type           Power        Failure   Level  Hunger
 Call Imp                 Summ           ##......     7%          2    ###....
 Call Canine Familiar     Summ           ##......     14%         3    ####...
 Summon Guardian Golem    Hex/Summ       #.......     30%         3    ####...
 Summon Ice Beast         Ice/Summ       #.......     71%         4    #####..
 Summon Lightning Spire   Summ/Air       #.......     71%         4    #####..


Dungeon Overview and Level Annotations

Branches:
Dungeon (1/15)

Altars:


Message History

Your rat barely misses the giant cockroach.
You closely miss the giant cockroach. The bat hits you.
Your bat hits the giant cockroach but does no damage.
The bat hits your rat.
Your bat closely misses the giant cockroach.
Your rat bites the giant cockroach.
The giant cockroach dies!
You miss the bat. The bat barely misses you.
Your bat hits the bat but does no damage.
Your rat bites the bat.
The bat hits your bat but does no damage.
Your rat closely misses the bat.
You swap places.
Your bat hits the bat. The bat completely misses you.
The bat barely misses you.
Your rat barely misses the bat.
You swap places.
The bat hits you but does no damage.
Your rat bites the bat.
The bat closely misses your rat.
Your rat bites the bat.
The bat dies!
No target in view!
No target in view!
No target in view!
You swap places.
You butcher the giant cockroach corpse.
c - a chunk of flesh You butcher the goblin corpse.
c - 3 chunks of flesh (gained 2)
You see here a goblin skeleton. x2
You swap places.
Found a silvery potion.
A hobgoblin comes into view.
A hobgoblin is nearby!
A hobgoblin is nearby!
Found a scroll labeled YRUMERR FUFIGG.
A bat comes into view.
Your bat disappears in a puff of smoke!
The hobgoblin shouts!
Your rat disappears in a puff of smoke!
The bat closely misses you. The hobgoblin hits you.
* * * LOW HITPOINT WARNING * * *
The bat barely misses you. The hobgoblin hits you.
* * * LOW HITPOINT WARNING * * *
Your rat disappears in a puff of smoke!
The bat misses you. The bat barely misses you.
You see here 21 stones.
The bat barely misses you. The bat barely misses you. The bat hits you.
* * * LOW HITPOINT WARNING * * *
The bat barely misses you. The bat hits you.
You die...

#........# #........#
#........# #........# .
#........##############
..########.................
.?.........................
........b.................
###!..rb@.#...÷########..
###....g..#....# #.......
#.........#....# #.#####'
#....(....#....# #.#PPP#.
#.........#....# #.#P⌠P#.
#....###+##....# #.#PPP#.
#....# ###### #.#####.
#....# ..+....< #....#
..#####.


You could see a hobgoblin, a bat, a friendly bat and a friendly rat.

Vanquished Creatures
  A goblin (D:1)
1 creature vanquished.

Vanquished Creatures (collateral kills)
  A bat (D:1)
  A giant cockroach (D:1)
  A hobgoblin (D:1)
3 creatures vanquished.

Grand Total: 4 creatures vanquished

Notes
Turn   | Place    | Note
-------+----------+-------------------------------------------
     0 | D:1      | MalarOregon the Merfolk Summoner began the quest for the
                  | Orb.
     0 | D:1      | Reached XP level 1. HP: 13/13 MP: 3/3
   255 | D:1      | Slain by a bat

Action                   || total
-------------------------++-------
Melee: Unarmed           ||    13
 Cast: Summon Small Mamm ||     9
 Stab: Sleeping          ||     1
Armor: Robe              ||     2
Dodge: Dodged            ||    21
